 Dungeon Crawl Stone Soup version 0.18-a0-1343-g48c8f86 (console) character file.

625 Liam the Magician (level 7, 0/37 HPs)
             Began as a Deep Elf Wizard on Feb 16, 2016.
             Was an Initiate of Vehumet.
             Slain by an orc
             ... wielding a +0 trident
              (8 damage)
             ... on level 4 of the Dungeon.
             The game lasted 00:14:29 (3994 turns).

Liam the Magician (Deep Elf Wizard)                 Turns: 3994, Time: 00:14:29

Health: 0/37       AC:  4    Str:  4    XL:     7   Next: 23%
Magic:  1/20       EV: 13    Int: 25    God:    Vehumet [......]
Gold:   155        SH:  0    Dex: 17    Spells: 5 memorised, 10 levels left

rFire  . . .     SeeInvis .     u - +8 dagger {freeze, *Contam rElec Dex+4}
rCold  . . .     Gourm    .     a - +0 robe
rNeg   . . .     Faith    .     (no shield)
rPois  .         Spirit   .     b - +0 hat
rElec  +         Dismiss  .     j - +0 cloak
rCorr  .         Reflect  .     y - +0 pair of gloves
SustAt .         Harm     .     (no boots)
MR     .....                    (no amulet)
Stlth  ++........               (no ring)
                                (no ring)

@: not resistant to hostile enchantments, unstealthy
A: no striking features
a: Renounce Religion


You were on level 4 of the Dungeon.
You worshipped Vehumet.
Vehumet was noncommittal.
You were hungry.

You visited 2 branches of the dungeon, and saw 5 of its levels.

You collected 155 gold pieces.

Inventory:

Hand Weapons
 l - a +4 dagger of draining
 u - the +8 dagger of Hergh (weapon) {freeze, *Contam rElec Dex+4}
   (You found it on level 4 of the Dungeon)

   It has been specially enchanted to freeze those struck by it, causing extra
   injury to most foes and up to half again as much damage against particularly
   susceptible opponents.
   It can also slow down cold-blooded creatures.
   It affects your dexterity (+4).
   It insulates you from electricity.
   It causes magical contamination when unequipped.
Armour
 a - a +0 robe (worn)
 b - a +0 hat (worn)
 j - a +0 cloak (worn)
 y - a +0 pair of gloves (worn)
Jewellery
 v - a +2 ring of protection {unknown}
Wands
 o - a wand of flame (15/48)
Scrolls
 e - 2 scrolls of random uselessness {unknown}
 g - a scroll of immolation {unknown}
 h - 3 scrolls of identify {unknown}
 i - a scroll of fog {unknown}
 k - a scroll of magic mapping {unknown}
 m - 4 scrolls of remove curse {unknown}
 q - 4 scrolls of teleportation {unknown}
 t - 2 scrolls of enchant armour {unknown}
Potions
 f - a potion of heal wounds
 p - a potion of agility {unknown}
 r - a potion of cancellation {unknown}
 w - 2 potions of invisibility {unknown}
 x - a potion of ambrosia {unknown}
Books
 c - a book of Minor Magic

   Spells                             Type                      Level
   a - Magic Dart                     Conjuration                  1
   b - Blink                          Translocation                2
   c - Call Imp                       Summoning                    2
   d - Repel Missiles                 Charms/Air                   2
   e - Slow                           Hexes                        2
   f - Conjure Flame                  Conjuration/Fire             3
   g - Mephitic Cloud                 Conjuration/Poison/Air       3
Comestibles
 d - 3 bread rations
 n - a meat ration
 s - a slice of pizza
 z - a royal jelly


   Skills:
 + Level 0.4 Fighting
 + Level 0.4 Short Blades
 - Level 2.4 Dodging
 - Level 2.4 Stealth
 + Level 7.5 Spellcasting
 * Level 4.6 Conjurations
 + Level 1.9 Charms
   Level 1.1 Summonings
 + Level 1.4 Translocations
 + Level 1.3 Fire Magic
 * Level 2.7 Air Magic
 * Level 2.1 Poison Magic


You had 10 spell levels left.
You knew the following spells:

 Your Spells              Type           Power        Failure   Level  Hunger
a - Magic Dart            Conj           ####         1%          1    None
b - Blink                 Tloc           N/A          8%          2    None
d - Mephitic Cloud        Conj/Pois/Air  ####....     6%          3    None
e - Conjure Flame         Conj/Fire      ###.....     8%          3    None
m - Repel Missiles        Chrm/Air       ###...       4%          2    None


Dungeon Overview and Level Annotations

Branches:
Dungeon (4/15)             Temple (1/1) D:4

Altars:
Cheibriados
Dithmenos
Elyvilon
Fedhas
Gozag
Kikubaaqudgha
Makhleb
Okawaru
Ru
Trog
Vehumet
Xom
Yredelemnul
The Shining One


Message History

Casting: Magic Dart
Confirm with . or Enter, or press ? or * to list all spells.
Aiming: Magic Dart
Press: ? - help, Shift-Dir - straight line, f/p - worker ant
Aim: a worker ant (severely wounded)
The magic dart hits the worker ant.
The worker ant is almost dead.
You hit the worker ant. You freeze the worker ant.
You kill the worker ant!
Vehumet accepts your kill. The orc barely misses you.
You hit the orc. You freeze the orc.
The orc is severely wounded.
The orc closely misses you.
You hit the orc but do no damage.
The orc is severely wounded.
You hit the orc but do no damage.
The orc is severely wounded.
The orc hits you with a trident!
You die...

#......# #.#. ### #......# ..?
#<# #......# ##.. #.# #......##
#### #... #.# ######..# ....
#.#'######.#+#### ##.##....
####.......(.......#####..#....
#.........)........))..........
'.....)......o@....######......
#...)...#####......# ##.....
#..../..# #......# #.....
#.......# #......# #.#...
######### #....[.# #.#...
######## #..... ##.... #....
##...


You could see an orc.

Vanquished Creatures
  An ogre (D:3)
  The ghost of Liam the Magician, a weakling DEWz (D:3)
  2 orc wizards (D:4)
  2 orc priests (D:4)
  Ijyb (D:3)
  2 iguanas (D:4)
  Natasha (thrice) (D:4)
  A worker ant (D:4)
  3 gnolls (D:4)
  8 adders
  4 river rats (D:3)
  An ooze (D:1)
  4 worms
  3 giant geckos
  16 orcs
  A bat (D:1)
  3 giant cockroaches
  5 goblins
  2 hobgoblins (D:1)
  4 jackals (D:3)
  2 quokkas
  A ball python (D:2)
  3 giant newts
  7 kobolds
  4 rats
84 creatures vanquished.

Vanquished Creatures (others)
  2 plants (D:3)
2 creatures vanquished.

Grand Total: 86 creatures vanquished

Notes
Turn   | Place    | Note
--------------------------------------------------------------
     0 | D:1      | Liam the Deep Elf Wizard began the quest for the Orb.
     0 | D:1      | Reached XP level 1. HP: 10/10 MP: 7/7
    91 | D:1      | Reached XP level 2. HP: 15/15 MP: 5/9
   421 | D:1      | Reached skill level 5 in Spellcasting
   575 | D:2      | Reached XP level 3. HP: 16/19 MP: 4/11
   982 | D:2      | Found a white marble altar of Elyvilon.
  1035 | D:2      | Found an ancient bone altar of Kikubaaqudgha.
  1037 | D:2      | Found a snail-covered altar of Cheibriados.
  1268 | D:3      | Found a blossoming altar of Fedhas.
  1298 | D:3      | Noticed Liam's ghost (weakling DEWz)
  1309 | D:3      | Killed Liam's ghost
  1309 | D:3      | Reached skill level 6 in Spellcasting
  1309 | D:3      | Reached XP level 4. HP: 20/24 MP: 3/14
  1380 | D:3      | Found a shimmering altar of Xom.
  1446 | D:3      | Learned a level 2 spell: Blink
  1449 | D:3      | Learned a level 2 spell: Repel Missiles
  1453 | D:3      | Learned a level 3 spell: Conjure Flame
  1457 | D:3      | Learned a level 3 spell: Mephitic Cloud
  1501 | D:3      | Noticed Natasha
  1593 | D:3      | Noticed Ijyb
  1598 | D:3      | Reached XP level 5. HP: 5/28 MP: 0/16
  1844 | D:3      | Killed Ijyb
  2302 | D:3      | Reached skill level 7 in Spellcasting
  2402 | D:3      | Noticed an ogre
  2415 | D:2      | Found a burning altar of Makhleb.
  2526 | D:3      | Killed an ogre
  2526 | D:3      | Reached skill level 1 in Air Magic
  2526 | D:3      | Reached XP level 6. HP: 10/32 MP: 3/18
  3157 | D:4      | Killed Natasha
  3187 | D:4      | Found a staircase to the Ecumenical Temple.
  3223 | D:4      | Reached skill level 1 in Poison Magic
  3229 | D:4      | Noticed Natasha
  3238 | Temple   | Entered the Ecumenical Temple
  3501 | Temple   | Became a worshipper of Vehumet
  3554 | D:4      | Got a faintly glowing dagger
  3555 | D:4      | Identified the +8 dagger of Hergh {freeze, *Contam rElec Dex+4} (You found it on level 4 of the Dungeon)
  3584 | D:4      | Reached skill level 1 in Charms
  3599 | D:4      | Reached skill level 1 in Fire Magic
  3808 | D:4      | Killed Natasha
  3808 | D:4      | Reached XP level 7. HP: 36/36 MP: 14/19
  3957 | D:4      | Noticed Natasha
  3960 | D:4      | Killed Natasha
  3994 | D:4      | Slain by an orc

Vault maps used:
D:1:      saegor_arrival_simple_a
D:2:      nicolae_overflow_hidden_temple, serial_glass, glass_columns_a,
          glass_columns_c, glass_columns_a, glass_columns_b, glass_columns_b,
          first_bread, elyvilon_altar_5
D:3:      wad_woods_stonehenge, fedhas_altar_3, uniq_natasha, uniq_iyjb
D:4:      minmay_temple_entry_glassed_door
Temple:   roderic_octagonal_lattice_temple

Action                   |  1- 3 |  4- 6 |  7- 9 || total
-------------------------+-------+-------+-------++-------
Melee: Dagger            |       |    19 |     6 ||    25
 Cast: Magic Dart        |    80 |   145 |    33 ||   258
       Blink             |       |     3 |     1 ||     4
       Conjure Flame     |       |     6 |       ||     6
       Mephitic Cloud    |       |     5 |       ||     5
  Use: Potion            |       |     1 |       ||     1
  Eat: Chunk             |       |     7 |       ||     7
       Pizza             |       |     1 |       ||     1
